 Dungeon Crawl Stone Soup version 0.27.1-35-g4d5d836560 (console) character file.

Game seed: 10728772937819454225

101506 grimtooth the Corrupter of Planes (level 15, -23/192 HPs)
             Began as a Palentonga Abyssal Knight on June 5, 2022.
             Was the Champion of Lugonu.
             Annihilated by an orc knight (26 damage)
             ... on level 2 of the Orcish Mines on June 6, 2022.
             The game lasted 02:52:34 (25230 turns).

grimtooth the Corrupter of Planes (PaAK)           Turns: 25230, Time: 02:52:34

Health: -23/192    AC: 30    Str: 17    XL:     15   Next: 83%
Magic:  18/26      EV:  5    Int: 18    God:    Lugonu [******]
Gold:   3018       SH:  5    Dex: 12    Spells: 10/14 levels left

rFire    + + +     SeeInvis +   a - +9 morningstar {drain, rElec rPois rCorr Int+3}
rCold    . . .     Faith    .   (no shield)
rNeg     . . .     Spirit   .   S - +6 scale mail "Deumuck" {rF++ Regen+ Str-2 Dex+2}
rPois    +         Reflect  +   (no helmet)
rElec    +         Harm     .   E - +0 cloak
rCorr    +         Rampage  .   i - +0 pair of gloves
Will     ++...                  G - +1 barding {rF+}
Stlth    ..........             x - amulet of reflection
HPRegen  1.42/turn              e - ring of willpower
MPRegen  0.20/turn              O - +4 ring of slaying

@: berserking (expiring), curled up, very quick
A: large, rugged brown scales 3, see invisible, deformed body, roll 1, armoured
tail, reflexive curl
a: Rolling Charge, Renounce Religion, Depart the Abyss, Bend Space, Banish,
Corrupt, Enter the Abyss, Brand Weapon With Distortion


You were on level 2 of the Orcish Mines.
You worshipped Lugonu.
Lugonu was exalted by your worship.
You visited 3 branches of the dungeon, and saw 20 of its levels.
You visited the Abyss 1 time.
You also visited: Ice Cave.

You collected 3044 gold pieces.
You spent 26 gold pieces at shops.

Inventory:

Hand Weapons
 a - the +9 morningstar of Dung (weapon) {drain, rElec rPois rCorr Int+3}
   (You found it on level 1 of the Lair of Beasts)

   A truly terrible weapon, it drains the life of any living foe it strikes.
   Int:       It affects your intelligence (+3).
   rElec:     It insulates you from electricity.
   rPois:     It protects you from poison.
   rCorr:     It protects you from acid and corrosion.
 b - a +1 rapier of distortion
Missiles
 c - 2 curare-tipped darts
 g - 38 boomerangs
 h - 2 throwing nets {=f}
 R - 22 poisoned darts (quivered)
Armour
 i - a +0 pair of gloves (worn)
 E - a +0 cloak (worn)
 G - a +1 barding of fire resistance (worn)
 S - the +6 scale mail "Deumuck" (worn) {rF++ Regen+ Str-2 Dex+2}
   (You found it on level 10 of the Dungeon)

   Str:       It affects your strength (-2).
   Dex:       It affects your dexterity (+2).
   rF:        It greatly protects you from fire.
   Regen:     It increases your rate of health regeneration.
Jewellery
 e - a ring of willpower (left hand)
 x - an amulet of reflection (around neck)
 O - a +4 ring of slaying (right hand)
Wands
 d - a wand of charming (6)
 l - a wand of iceblast (41)
 C - a wand of flame (42)
 H - a wand of polymorph (23)
 T - a wand of acid (8)
 Z - a wand of digging (4)
Scrolls
 f - 6 scrolls of amnesia {unknown}
 n - 2 scrolls of fog {unknown}
 q - 4 scrolls of enchant armour {unknown}
 r - 11 scrolls of teleportation
 y - a scroll of fear
 z - 7 scrolls of enchant weapon {unknown}
 D - 3 scrolls of blinking
 L - 5 scrolls of magic mapping {unknown}
 V - a scroll of torment {unknown}
 W - a scroll of vulnerability {unknown}
 Y - a scroll of holy word {unknown}
Potions
 k - 6 potions of curing
 m - 3 potions of flight
 p - 4 potions of invisibility
 s - 5 potions of haste
 u - 4 potions of brilliance
 w - a potion of ambrosia
 A - 3 potions of heal wounds {unknown}
 F - 4 potions of cancellation
 K - 3 potions of lignification
Miscellaneous
 U - a phantom mirror
 X - a lightning rod (4/4)


   Skills:
 + Level 11.8 Fighting
 - Level 10.0 Long Blades
 - Level 12.0 Maces & Flails
 - Level 9.0 Armour
 - Level 0.7 Dodging
 - Level 9.0 Hexes
 + Level 2.0 Translocations
 - Level 15.0 Invocations
 - Level 9.0 Evocations


You had 10 spell levels left.
You knew the following spells:

 Your Spells              Type           Power      Damage    Failure   Level
p - Apportation           Tloc           14%        N/A       26%         1
t - Tukima's Dance        Hex            32%        N/A       4%          3

Your spell library contained the following spells:

 Spells                   Type           Power      Damage    Failure   Level
 Corona                   Hex            35%        N/A       1%          1
 Ensorcelled Hibernation  Hex/Ice        32%        N/A       14%         2
 Portal Projectile        Hex/Tloc       38%        N/A       19%         3
 Inner Flame              Hex/Fire       16%        N/A       28%         3
 Blink                    Tloc           N/A        N/A       38%         2
 Animate Skeleton         Necr           0%         N/A       52%         1
 Foxfire                  Conj/Fire      0%         2x1d4     52%         1
 Pain                     Necr           0%         1d4       52%         1
 Sandblast                Erth           0%         2d4       52%         1
 Summon Small Mammal      Summ           0%         N/A       52%         1
 Gell's Gravitas          Tloc           3%         N/A       63%         3
 Lesser Beckoning         Tloc           3%         N/A       63%         3
 Teleport Other           Tloc           7%         N/A       63%         3
 Passwall                 Tmut/Erth      0%         N/A       67%         2
 Leda's Liquefaction      Hex/Erth       8%         N/A       67%         4
 Call Canine Familiar     Summ           0%         N/A       88%         3
 Conjure Flame            Conj/Fire      0%         6-21      88%         3
 Ignite Poison            Fire/Tmut/Pois 0%         N/A       88%         3
 Summon Mana Viper        Hex/Summ       16%        N/A       95%         5
 Agony                    Necr           0%         N/A       100%        5
 Excruciating Wounds      Necr           0%         N/A       100%        5
 Lee's Rapid Deconstruct  Erth           0%         3d5*      100%        5
 Manifold Assault         Tloc           7%         N/A       100%        5
 Summon Forest            Summ/Tloc      1%         N/A       100%        5
 Shadow Creatures         Summ           N/A        N/A       100%        6
 Malign Gateway           Summ/Tloc      1%         N/A       100%        7
 Lehudib's Crystal Spear  Conj/Erth      0%         10d2      100%        8
 Summon Horrible Things   Summ           0%         N/A       100%        8


Dungeon Overview and Level Annotations

Branches:
Dungeon (12/15)            Temple (0/1) D:7            Lair (6/6) D:11
  Swamp (0/4) Lair:2       Spider (0/4) Lair:2        Slime (0/5) Lair:6
    Orc (2/2) D:12            Elf (0/3) Orc:2         IceCv (visited)

Altars:
Ashenzari
Cheibriados
Dithmenos
Fedhas
Gozag
Makhleb
Nemelex Xobeh
Okawaru
Qazlal
Vehumet
Yredelemnul
Zin
The Shining One
Jiyva
Lugonu

Shops:
D:9 *   D:10 *   Orc:2 *=

Portals:
Abyss: Lair:6
Trove: D:11 (give horn of Geryon)

Annotations:
D:9 water
Lair:2 2 runed translucent doors, unlimited1921's ghost, journeyman GnTm
Lair:3 1 runed translucent door, Piojid's ghost, adept SpVM


Innate Abilities, Weirdness & Mutations

You are completely covered in rugged brown scales. (AC +3, +7% HP)
You have supernaturally acute eyesight. (SInv)
Armour fits poorly on your strangely shaped body.
You can roll at nearby foes to attack.
You have a long armoured tail.
You curl defensively after being hit.


Message History

The orc warlord hits you but does no damage.
The orc warrior hits you but does no damage.
You puncture the orc warlord!
The orc warlord is almost dead.
The orc knight hits you with a +0 war axe!
* * * LOW HITPOINT WARNING * * *
You block the orc warlord's attack.
The orc warrior hits you with a +0 short sword.
* * * LOW HITPOINT WARNING * * *
The orc warlord blocks your attack.
The orc warlord is almost dead.
The orc knight hits you with a +0 war axe!!
* * * LOW HITPOINT WARNING * * *
You barely miss the orc warlord. The orc warlord blocks your attack.
The orc warlord is almost dead.
The orc warlord barely misses you.
The orc warrior hits you with a +0 short sword.
* * * LOW HITPOINT WARNING * * *
You bludgeon the orc warlord!!
You kill the orc warlord!
Lugonu accepts your kill.
Your Translocations skill increases to level 2!
You are too berserk!
Unknown command.
You are too berserk!
Enter note: - uh-oh
Press: ? - help, v - describe, . - travel
Here: an orc warrior, wielding a +0 short sword and wearing a +0 plate armour (heavily wounded, strong, lightly drained)
The floor.
You closely miss the orc warrior.
The orc warrior is heavily wounded.
The orc warrior hits you with a +0 short sword!!
* * * LOW HITPOINT WARNING * * *
Enter note: - aw hell
Okay, then.
You sock the orc warrior! You drain the orc warrior.
You kill the orc warrior!
Lugonu accepts your kill.
The orc knight hits you with a +0 war axe!!
You die...

## ##### ### ##.## ##)#.###.##
.....## #@oT......# .......##
###o.......#####
........####...)........#.##
.8.......#.o)).............#
.....#....)................##
........o#..........#.......#
.....#..##....#............†#
........###.##............).##
.........####................#
.........##.###................
.P.........).#.................


You could see an orc knight (strong), a troll and an orc warrior (strong).

Vanquished Creatures
  A fenstrider witch (shapeshifter) (Lair:6)
  A frost giant (IceCv)
  An orc warlord (Orc:2)
  Nessos (Lair:4)
  Azrael (Orc:2)
  Snorg (Lair:3)
  Josephine (Lair:5)
  A boulder beetle (Lair:6)
  A death knight (D:12)
  9 hydras
  A centaur warrior (D:10)
  3 two-headed ogres
  17 death yaks
  3 thrashing horrors (Lair:6)
  4 orc high priests
  Pikel (D:7)
  A necromancer (Lair:3)
  A lindwurm (Lair:4)
  A lindwurm (shapeshifter) (D:8)
  An orc knight (Orc:2)
  4 orc sorcerers (Orc:2)
  4 oklob plants (Lair:2)
  A salamander (shapeshifter) (Lair:6)
  5 ugly things
  3 cyclopes
  11 elephants
  2 torpor snails
  An ice statue (IceCv)
  11 black mambas
  Maggie (D:7)
  A molten gargoyle (Orc:2)
  14 cane toads
  12 komodo dragons
  8 rime drakes
  A freezing wraith (D:11)
  2 ancient zymes (Lair:6)
  2 trolls
  7 polar bears
  28 blink frogs
  A hornet (Lair:5)
  Grinder (D:4)
  5 slime creatures (D:12)
  A centaur simulacrum (D:11)
  Sigmund (D:3)
  3 redbacks (Lair:2)
  A vampire (D:12)
  A ynoxinul (Lair:6)
  8 wyverns
  84 yaks
  A spriggan (Lair:6)
  5 wraiths
  A chaos spawn (Lair:6)
  A golden eye (Orc:2)
  10 basilisks
  3 fire elementals (Orc:2)
  3 steam dragons
  Menkaure (D:5)
  Edmund (D:5)
  9 wargs
  4 acid dragons
  9 small abominations (Lair:6)
  15 water moccasins
  2 hell hounds (Orc:2)
  26 orc warriors
  5 ogres
  A large abomination (Lair:6)
  A hornet zombie (D:7)
  A black bear (Lair:3)
  A sky beast (D:6)
  9 centaurs
  48 wolves
  A phantom (D:6)
  17 bullfrogs
  3 gnoll sergeants
  3 scorpions
  Dowan (D:7)
  A water moccasin skeleton (D:5)
  6 killer bees (D:10)
  7 wights
  2 electric eels (Lair:2)
  4 howler monkeys
  A centaur zombie (D:9)
  2 bullfrog zombies
  2 jellies
  Crazy Yiuf (D:5)
  3 hounds
  15 orc priests
  A bullfrog skeleton (D:7)
  Ijyb (D:3)
  Terence (D:3)
  3 iguanas
  A scorpion zombie (D:5)
  19 orc wizards
  5 polar bear simulacra (Lair:3)
  2 wolf simulacra (Lair:3)
  2 yak simulacra (Lair:3)
  A hound zombie (D:5)
  A hound skeleton (D:4)
  13 gnolls
  A howler monkey skeleton (D:7)
  6 adders
  13 white imps
  An adder skeleton (D:3)
  3 worms
  A dart slug (D:3)
  51 orcs
  5 endoplasms
  A giant cockroach (D:1)
  7 goblins
  9 hobgoblins
  4 quokkas
  9 ball pythons
  14 bats
  A frilled lizard (D:1)
  2 kobolds
  5 rats
  2 river rat simulacra (Lair:3)
686 creatures vanquished.

Vanquished Creatures (collateral kills)
  An orc sorcerer (Orc:2)
  2 orc warriors
  An ogre (Orc:2)
4 creatures vanquished.

Vanquished Creatures (others)
  2 dancing weapons (Orc:2)
  A tarantella (shapeshifter) (Lair:6)
  A wight (D:8)
  A gnoll (D:11)
  3 orcs
  2 bushes
  84 fungi
  98 plants
192 creatures vanquished.

Grand Total: 882 creatures vanquished

Notes
Turn   | Place    | Note
-------+----------+-------------------------------------------
     0 | Abyss:1  | grimtooth the Palentonga Abyssal Knight began the quest for
                  | the Orb.
     0 | Abyss:1  | Reached XP level 1. HP: 19/19 MP: 2/2
    70 | Abyss:1  | Found a corrupted altar of Lugonu.
    91 | Abyss:2  | Found a shimmering blue altar of Sif Muna.
   107 | Abyss:2  | Noticed a large abomination
   132 | Abyss:2  | Noticed a hell hound
   263 | Abyss:2  | Noticed a hell hound
   264 | D:1      | Escaped the Abyss
   393 | D:1      | Found a faded altar of an unknown god.
   450 | D:1      | Reached XP level 2. HP: 25/25 MP: 3/3
   463 | D:1      | Reached * piety under Lugonu
  1343 | D:2      | Reached XP level 3. HP: 31/31 MP: 4/4
  1381 | D:2      | Reached XP level 4. HP: 39/39 MP: 5/5
  1736 | D:3      | Noticed Sigmund
  1778 | D:4      | Noticed an ogre
  1950 | D:3      | Reached ** piety under Lugonu
  1950 | D:3      | Noticed Terence
  1964 | D:3      | Killed Terence
  2139 | D:3      | Noticed a bullfrog
  2147 | D:3      | Killed a bullfrog
  2148 | D:3      | Reached XP level 5. HP: 41/46 MP: 4/6
  2440 | D:4      | Reached skill level 5 in Fighting
  2476 | D:4      | - aaaaaggh
  2478 | D:4      | - two steps for him, isnt that nice
  2479 | D:4      | Killed an ogre
  2480 | D:4      | Reached XP level 6. HP: 7/54 MP: 0/7
  2480 | D:4      | - phew
  2729 | D:3      | Noticed Ijyb
  2743 | D:3      | Killed Ijyb
  2810 | D:4      | Reached skill level 5 in Maces & Flails
  2840 | D:4      | Noticed Grinder
  2867 | D:4      | Killed Grinder
  2868 | D:4      | Gained mutation: You curl defensively after being hit.
                  | [Palentonga growth]
  2868 | D:4      | Reached XP level 7. HP: 38/62 MP: 6/8
  3167 | D:4      | Found a blossoming altar of Fedhas.
  3444 | D:5      | Entered Level 5 of the Dungeon
  3464 | D:5      | Found a shadowy altar of Dithmenos.
  3500 | D:5      | Identified the +3 leather armour of the Camelopard {*Slow
                  | rElec rPois}
  3518 | D:5      | - don't see these too often
  3577 | D:5      | Reached *** piety under Lugonu
  3739 | D:5      | Noticed Edmund
  3787 | D:5      | Killed Edmund
  3788 | D:5      | Reached skill level 3 in Invocations
  3794 | D:5      | Noticed Menkaure
  3798 | D:5      | Reached skill level 4 in Invocations
  4136 | D:4      | Reached XP level 8. HP: 31/68 MP: 4/11
  4456 | D:5      | Found a stormy altar of Qazlal.
  4904 | D:5      | Found a runed translucent door.
  4905 | D:5      | Noticed Crazy Yiuf
  5253 | D:5      | Reached skill level 5 in Invocations
  5256 | D:5      | Killed Menkaure
  5719 | D:5      | Killed Crazy Yiuf
  5740 | D:5      | - this was an exciting level
  6094 | D:3      | Killed Sigmund
  6095 | D:3      | Reached skill level 5 in Long Blades
  6095 | D:3      | Reached skill level 6 in Invocations
  6129 | D:3      | Found a burning altar of Makhleb.
  6459 | D:6      | Identified the +1 hand axe "Vyeruley" {vorpal, rPois Str-2
                  | Int+7}
  6598 | D:6      | Reached skill level 7 in Invocations
  6635 | D:6      | Reached XP level 9. HP: 56/73 MP: 9/14
  6970 | D:7      | Noticed Maggie
  6971 | D:7      | - yikes
  6978 | D:7      | Killed Maggie
  7217 | D:7      | Noticed Pikel
  7242 | D:7      | Killed Pikel
  7243 | D:7      | Reached skill level 8 in Invocations
  7359 | D:7      | Found a staircase to the Ecumenical Temple.
  7473 | D:7      | Reached skill level 9 in Invocations
  7509 | D:7      | Found a sparkling altar of Nemelex Xobeh.
  7594 | D:7      | Found a snail-covered altar of Cheibriados.
  7750 | D:7      | Found an opulent altar of Gozag.
  7754 | D:7      | Noticed Duvessa
  7931 | D:7      | Reached **** piety under Lugonu
  8338 | D:7      | Noticed Dowan
  8348 | D:7      | Noticed Duvessa
  8348 | D:7      | Duvessa changed into Duvessa the scorpion
  8361 | D:7      | Killed Duvessa the scorpion
  8368 | D:7      | Killed Dowan
  8512 | D:7      | Reached XP level 10. HP: 75/80 MP: 13/16
  8601 | D:7      | - whoa when did i pick this up
  8789 | D:8      | Noticed a lindwurm
  8804 | D:8      | Killed a lindwurm
  8919 | D:8      | Noticed a wolf spider
  8929 | D:8      | - man
  8929 | D:8      | Banished a wolf spider
  8929 | D:8      | Noticed a red ugly thing
  8931 | D:8      | - this is a real probability-balancer here
  8936 | D:8      | - shit
  8937 | D:8      | - ok frog dont bite too hard
  8938 | D:8      | - boy this dragon is kinda harshin us all
  8938 | D:8      | - these are perfect clouds tho
  8947 | D:7      | - aaah
  9579 | D:8      | Found a radiant altar of Vehumet.
  9660 | D:8      | Reached skill level 10 in Invocations
  9789 | D:8      | Killed a red ugly thing
 10062 | D:8      | Found a glowing golden altar of the Shining One.
 10064 | D:8      | Noticed an angel
 10102 | D:8      | Found a basalt altar of Yredelemnul.
 10404 | D:9      | Found a glowing silver altar of Zin.
 10683 | D:9      | Found Purea's Island Escapes.
 10771 | D:9      | Reached skill level 11 in Invocations
 10774 | D:9      | Reached skill level 1 in Evocations
 10774 | D:9      | Reached XP level 11. HP: 88/95 MP: 16/19
 10858 | D:10     | Entered Level 10 of the Dungeon
 10858 | D:10     | Found Cihauwkuro's General Store.
 10862 | D:10     | Bought a scroll of identify for 26 gold pieces
 10862 | D:10     | Identified a scroll of acquirement
 10864 | D:10     | Acquired 979 gold pieces
 10891 | D:10     | Noticed a centaur warrior
 11028 | D:10     | Found a broken altar of Ashenzari.
 11085 | D:10     | Found an iron altar of Okawaru.
 11282 | D:10     | Identified the +6 scale mail "Deumuck" {rF++ Regen+ Str-2
                  | Dex+2}
 11594 | D:10     | Killed a centaur warrior
 12170 | D:10     | Noticed a two-headed ogre
 12181 | D:10     | Killed a two-headed ogre
 12182 | D:10     | Reached skill level 12 in Invocations
 12395 | D:11     | Reached skill level 5 in Evocations
 12417 | D:11     | Found a portal to a secret trove of treasure.
 12532 | D:11     | Noticed a two-headed ogre
 12548 | D:11     | Killed a two-headed ogre
 12549 | D:11     | Noticed a green ugly thing
 12860 | D:11     | Found a staircase to the Lair.
 12934 | D:11     | Reached ***** piety under Lugonu
 12956 | D:11     | Killed a green ugly thing
 13001 | D:11     | Reached XP level 12. HP: 71/101 MP: 15/21
 13007 | D:11     | Reached skill level 10 in Long Blades
 13228 | D:11     | Learned a level 3 spell: Tukima's Dance
 13432 | D:12     | Reached skill level 1 in Hexes
 13827 | D:12     | Reached skill level 5 in Armour
 14030 | D:12     | Found a staircase to the Orcish Mines.
 14100 | D:12     | Noticed a death knight
 14284 | D:12     | Killed a death knight
 14445 | Lair:1   | Entered Level 1 of the Lair of Beasts
 14501 | Lair:1   | Noticed a seven-headed hydra
 14583 | Lair:1   | Identified the +9 morningstar of Dung {drain, rElec rPois
                  | rCorr Int+3}
 14584 | Lair:1   | - goodness gracious
 14651 | Lair:1   | Killed a seven-headed hydra
 14700 | Lair:1   | Noticed an eight-headed hydra
 14913 | Lair:1   | Killed an eight-headed hydra
 15300 | Lair:2   | Found a large runed translucent door.
 15300 | Lair:2   | Found a large runed translucent door.
 15301 | Lair:2   | Noticed unlimited1921's ghost (journeyman GnTm)
 15302 | Lair:2   | Noticed an eight-headed hydra
 15408 | Lair:2   | Killed an eight-headed hydra
 15444 | Lair:2   | - oh for a blink scroll
 15595 | Lair:2   | Reached skill level 10 in Maces & Flails
 15595 | Lair:2   | Reached XP level 13. HP: 48/108 MP: 8/22
 15746 | Lair:2   | Reached ****** piety under Lugonu
 15750 | Lair:2   | Reached skill level 5 in Hexes
 16045 | Lair:2   | Found a staircase to the Swamp.
 16185 | Lair:2   | Found a hole to the Spider Nest.
 16538 | Lair:3   | Got Sif Muna's Disquisition on Arcane Weapons and Ignition
 16569 | Lair:3   | Noticed Snorg
 16591 | Lair:3   | Killed Snorg
 17162 | Lair:3   | Found a runed translucent door.
 17167 | Lair:3   | Noticed Piojid's ghost (adept SpVM)
 17671 | Lair:4   | Noticed Nessos
 17685 | Lair:4   | Killed Nessos
 18192 | Lair:4   | Reached XP level 14. HP: 115/115 MP: 23/23
 18699 | Lair:5   | Noticed Josephine
 18877 | Lair:5   | Found a frozen archway.
 18917 | IceCv    | Entered an ice cave
 19094 | IceCv    | Reached skill level 13 in Invocations
 19845 | IceCv    | Noticed a frost giant
 19875 | IceCv    | Killed a frost giant
 20316 | Lair:5   | You fall into a shaft and drop 1 floor!
 20316 | Lair:6   | Entered Level 6 of the Lair of Beasts
 20317 | Lair:6   | - waaah
 20823 | Lair:5   | Killed Josephine
 20824 | Lair:5   | Reached skill level 14 in Invocations
 21408 | Lair:6   | Reached skill level 15 in Invocations
 21771 | Lair:6   | Reached XP level 15. HP: 118/121 MP: 24/26
 22004 | Lair:6   | Reached skill level 10 in Fighting
 22309 | Lair:6   | Found a viscous altar of Jiyva.
 22310 | Lair:6   | Found a staircase to the Slime Pits.
 22925 | Lair:6   | Noticed a fenstrider witch
 22932 | Lair:6   | Killed a fenstrider witch
 23394 | Lair:6   | Found a corrupted altar of Lugonu.
 23394 | Lair:6   | Found a one-way gate to the infinite horrors of the Abyss.
 23439 | Lair:6   | Learned a level 1 spell: Apportation
 23556 | Lair:2   | Found the -2 hat of the Alchemist {rElec rPois rF+ rC+ rN+
                  | Will+ rMut rCorr}
 23736 | Orc:1    | Entered Level 1 of the Orcish Mines
 23857 | Orc:2    | Entered Level 2 of the Orcish Mines
 23865 | Orc:2    | Noticed Sonja
 23866 | Orc:2    | Noticed Sonja
 23866 | Orc:2    | Sonja changed into Sonja the golden eye
 23869 | Orc:2    | Killed Sonja the golden eye
 24409 | Orc:2    | Found Latzi's General Store.
 24443 | Orc:2    | Found a staircase to the Elven Halls.
 25023 | Orc:2    | Noticed Azrael
 25055 | Orc:2    | Killed Azrael
 25160 | Orc:2    | Found Figg's Jewellery Shoppe.
 25173 | Orc:2    | Reached skill level 1 in Translocations
 25181 | Orc:2    | Noticed an orc warlord
 25228 | Orc:2    | Killed an orc warlord
 25229 | Orc:2    | - uh-oh
 25229 | Orc:2    | HP: 2/192 [orc warrior (18)]
 25230 | Orc:2    | - aw hell
 25230 | Orc:2    | Annihilated by an orc knight

Illustrated notes ..##.# #.# #####.#######.## #............. #......######..# #........).##..# #..........##..# #..........##..##### ###+##.............# # ###.......###.### ....#####.#.....###.... ....(.O@°.+............ ###.#.###.#....(###.### (...............#.## #.#.###.#######.#..# .. #.# #...# ## #.########..## .............# ..####...#..## ######...##..# #........##.## #........##..# Turn 2476 on D:4: - aaaaaggh #.##.# ..##.# #.# #####.#######.## #............. #......######..# #........).##..# #..........##..# #..........##..#### ###+##............. #######.####.......###. #.....@#####.#.....###. ........O.(...+......... #...###.#.###.#....(###. ... (...............#. # #.#.###.#######.#. ...# #.# #... ##### #.########.. ............ ..####...#.. ######...##. #........##. Turn 2478 on D:4: - two steps for him, isnt that nice #.##.# ..##.# #.# #####.#######.## #............. #......######..# #........).##..# #..........##..# #..........##..### ###+##............ #######.####.......### #....@)#####.#.....### .........(.(...+........ ##...###.#.###.#....(### .... (...............# ##. #.#.###.#######.# .. ...#.# #.# #.. # ##### # #.########. ........... ..####...#. ######...## #........## Turn 2480 on D:4: - phew >.....#...### .##.. .......#....###.#... .....#.............. .......##.#.......### <....#..#.......#.... .#####+)..........# .#≈≈≈≈######....#.. .#...≈# #....# .#...≈# #....# .#...≈# #....### .#...≈# #....@.# .'##### #....#...# ### #.≈≈≈≈.#..... #.≈....# #### ##≈≈≈≈## ###### Turn 3518 on D:5: - don't see these too often ######## ##....#.######## ##......#..##...# #......####.'@..# #.....## ###..)# #.##### ##### #..# ##)# #####.## .......## ........###### ########### ..[..........# ####.........# .........≈§§.# ###..#.........# ..[....§.§...###...####...##### Turn 5740 on D:5: - this was an exciting level ................# ......<....###### ...............# ...............# .# ...............# .# ...............# .# ...........#### .# ...........# .# ...........# @# .........#####.# .............@.# ..........###### ..........# ..........# ..........# ###.......# #.......# #.......# Turn 6971 on D:7: - yikes ######## ###......# ...).....# .........# .........# [......[.############# .........#......[....# .........#.#########.# .).......#.#<.....##.# .........'))).[.@....# #..).....#.#...#.##### #......###.#...#.# #......# #.#####.# #......# #.#.....# #......# #.#.##### .......# #.#.# .......# #.#.# ......## #.#.# ......# #.#.# ......# #.#.# Turn 8601 on D:7: - whoa when did i pick this up .. ... ##.# #.. #..# #.# #..# #.# #..# 'D. #######..# #o# .........# #s# ######.#.#######@# #.#.........# ######...##.#..##.# #......).#..#.#....# ..#......####..##### ###.......#.##...# .....<...#.###.##.# ###..........?...# #......###'###.# #......#P...P#... ######.#.###.#..## Turn 8929 on D:8: - man .. ... ##.# #.. #..# #.# #..# #.# #..# '.. #######..# #D# .........# #§# ######.#.#######@# #.#.......u§# ######...##.#..##.# #......).#..#.#....# ..#......####..##### ###.......#.##...# .....<...#.###.##.# ###..........?...# #......###'###.# #......#P...P#... ######.#.###.#..## Turn 8931 on D:8: - this is a real probability-balancer here #### ##... .. .... ##.#######§. #..#.....#)# #..#.###.#T## #..#.'.#.FDu# #######..#.###.#@#...# .........#.....#§#..## ######.#.#######.# #.# #.#.........# ## ######...##.#..##.# #......).#..#.#....# ..#......####..##### ###.......#.##...# .....<...#.###.##.# ###..........?...# #......###'###.# Turn 8936 on D:8: - shit #### ##... .. .... ##.#######.. #..#.....#)# #..#.###.#.## #..#.'.#.TDu# #######..#.###.#F#...# .........#.....#@#..## ######.#.#######.# #.# #.#.........# ## ######...##.#..##.# #......).#..#.#....# ..#......####..##### ###.......#.##...# .....<...#.###.##.# ###..........?...# #......###'###.# #......#P...P#... Turn 8937 on D:8: - ok frog dont bite too hard #### ##... .. .... ##.#######.. #..#.....#)# #..#.###.#.## #..#.'.#.'Du# #######..#.###.#T#...# .........#.....#F#..## ######.#.#######@# #.# #.#.......§§# ## ######...##.#..##§# #......).#..#.#....# ..#......####..##### ###.......#.##...# .....<...#.###.##.# ###..........?...# #......###'###.# #......#P...P#... ######.#.###.#..## Turn 8938 on D:8: - boy this dragon is kinda harshin us all

.#### #.........................#
.#..# #...........).............#
##..# #.........................#
.#..# #.........................#
.#..# #.........................#
.#..# #.........................#
##.)###.........................#
#...).............[........†.....
...Y###....................<....#
....# #..........................
....# #.........@................
....# #..........................
....# #..........................
##).# #..........................
....# #..........................
##.####........[.................
.....##.............>............
8...8.#..........................
......#..........................
.._...)..........................
......#..........................


Turn 8947 on D:7: - aaah ... #..♣P≈≈≈P. #...≈≈≈≈≈. ...##.....P#...♣≈≈≈≈
....#..... #....≈≈≈ ...## ... #.....♣# ....###.####.....P# .....##.##P#.....#
................@# ........................ ........................
##########.##.####..#### ###### ### Turn 14584 on Lair:1: - goodness gracious
###### #$)$ #.P#.####### #$.S #..........####... #.[.P #...§.....#.#.#...
#PP[($#.............#... #$..!.#.........#.#.#... #.....#.SF......###.#...
.......@........# #†#... .......<........###.#... ................##......
.#...............#P.#... #.....#............##.. ##....##...............
#..................... ...................>.. P...####.........#†##..
#....###...P#.#.#. .................. Turn 15444 on Lair:2: - oh for a blink
scroll ♣:♣ ♣[.$ ... X.♣♣♣ ...♣♣ .XX♣ ♣x÷♣ ♣@.♣ ♣.÷..♣ .u...♣ ♣.♣...♣ ♣. ..♣♣ ♣♣
..♣ ♣♣♣ Turn 20317 on Lair:6: - waaah ## ##### ### ##.## ##o#.###.## .....##
#@oT......# .......## ###o.......##### ........####...)........#.##
.8.......#.o)).............# .....#....)................##
........o#..........#.......# .....#..##....#............†#
........###.##............).## .........####................#
.........##.###................ .P.........).#................. Turn 25229 on
Orc:2: - uh-oh ## ##### ### ##.## ##o#.###.## .....## #@oT......# .......##
###o.......##### ........####...)........#.## .8.......#.o)).............#
.....#....)................## ........o#..........#.......#
.....#..##....#............†# ........###.##............).##
.........####................# .........##.###................
.P.........).#................. Turn 25230 on Orc:2: - aw hell

Levels and vault maps discovered:
D:1:      erik_arrival_cave_to_civilisation [erik_arrival_cave_to_hall],
          layout_basic, hellmonk_ecumenical_altar_crossroads, nrook_uturn,
          minmay_ruptured
D:2:      layout_rooms, hex_medium
D:3:      layout_loops_ring, lightli_temple_of_fire, minmay_shallow_snake_nest,
          uniq_terence, uniq_sigmund, uniq_ijyb
D:4:      layout_basic, fedhas_altar_fruit_tree, minmay_goblin_outpost,
          uniq_grinder
D:5:      layout_rooms, lemuel_round_altar, nicolae_qazlal_scattered_showers,
          serial_rivers, chequers_serial_rivers_small_3,
          chequers_serial_rivers_micro_d, chequers_serial_rivers_micro_a,
          chequers_serial_rivers_room_a, chequers_serial_rivers_room_a,
          chequers_serial_rivers_large_a, uniq_menkaure,
          uniq_crazy_yiuf_cottage, uniq_edmund
D:6:      layout_loops_ring, amcnicky_mini_pool_small
D:7:      layout_basic, marbit_many_paths, nemelex_diamond_rough_becter,
          grunt_gozag_statues, minmay_temple_entry_drinking_statues, uniq_pikel,
          uniq_maggie, uniq_duvessa
D:8:      layout_loops_ring, grunt_temple_overflow_holy_war, old_standard_altar,
          eino_curves_01, minmay_shattered_shrine
D:9:      layout_rooms, nicolae_overflow_crystal_walls, minivault_16,
          nicolae_island_escapes
D:10:     layout_long_grid, mainiacjoe_overflow_catwalk,
          evilmike_ruin_ashenzari, serial_shops, shop
D:11:     layout_cave_pools, minmay_lair_entry_grove,
          nicolae_trove_entry_crossroad, serial_column_ruins,
          column_ruins_hut_ruined, column_ruins_open_medium,
          column_ruins_open_tiny, column_ruins_corridor_corner,
          column_ruins_columns_straight, column_ruins_open_tiny,
          column_ruins_corridor_straight, column_ruins_grid_1,
          lemuel_old_faithful
D:12:     layout_roguey, david_orc_4
Lair:1:   layout_regular_city, serial_bayou_ford_a,
          eino_small_chamber_without_monster, grunt_megastairs_2
Lair:2:   layout_gridlike, swamp_mist, spider_nest_entry_webs,
          ebering_ghost_disaster_area, minmay_lair_oklob_chamber
Lair:3:   layout_cave_pods, ebering_ghost_inner_flame, st_stairs_12,
          eino_house_with_fridge, uniq_snorg
Lair:4:   layout_cave_pods, grunt_forest_large_clearing_hut, uniq_nessos
Lair:5:   layout_loops_ring, portal_ice_cave_entry_imps,
          grunt_forest_large_clearings, uniq_josephine
Lair:6:   hellmonk_lair_end_abyssal_woods, layout_layer_cave, slime_altar_1,
          grunt_megastairs_4
Orc:1:    layout_caves
Orc:2:    grunt_orc_gardens, layout_caves, grunt_orc_garden, grunt_orc_garden,
          grunt_orc_garden, grunt_orc_garden, nicolae_orc_lava_tube,
          nicolae_orc_bridge_out, mines5_lemuel, uniq_sonja, uniq_azrael

Skill      XL: |  1  2  3  4  5  6  7  8  9 10 11 12 13 14 15 |
---------------+----------------------------------------------+-----
Fighting       | 4 5 6 9 11 | 11.8
Maces & Flails | 3 4 5 6 10 12 | 12.0
Long Blades    | 2 5 9 10 | 10.0
Invocations    | 4 7 9 11 12 15 | 15.0
Evocations     | 1 6 9 |  9.0
Armour         | 4 6 9 |  9.0
Hexes          | 4 9 |  9.0
Translocations | 2 |  2.0
Dodging        | |  0.7

Action                   |  1- 3 |  4- 6 |  7- 9 | 10-12 | 13-15 || total
-------------------------+-------+-------+-------+-------+-------++-------
Melee: Mace              |    92 |   108 |   120 |       |       ||   320
       Tailslap          |     7 |    14 |    45 |    79 |   167 ||   312
       Trident           |       |    10 |       |       |       ||    10
       Hand axe          |       |     7 |     4 |     1 |       ||    12
       Long sword        |       |       |   155 |   424 |       ||   579
       Flail             |       |       |    11 |       |       ||    11
       Whip              |       |       |    25 |     2 |       ||    27
       Morningstar       |       |       |       |    90 |  1221 ||  1311
Throw: Javelin           |       |     3 |     4 |       |       ||     7
       Dart              |       |       |       |     3 |    20 ||    23
 Cast: Tukima's Dance    |       |       |       |       |    18 ||    18
Invok: Depart the Abyss  |     1 |       |       |       |       ||     1
       Bend Space        |       |     1 |    11 |    25 |     4 ||    41
       Banish            |       |       |       |     1 |       ||     1
 Abil: Rolling Charge    |    22 |    16 |    56 |    83 |   150 ||   327
Evoke: Wand              |       |       |     4 |     9 |    18 ||    31
       Lightning rod     |       |       |       |       |     4 ||     4
  Use: Scroll            |       |     3 |     6 |     8 |     6 ||    23
       Potion            |       |       |     2 |     7 |     1 ||    10
Armor: Leather armour    |    39 |       |       |       |       ||    39
       Scale mail        |    32 |    59 |       |   183 |  1026 ||  1300
       Ring mail         |       |    10 |   124 |    88 |       ||   222
Dodge: Dodged            |    37 |    37 |   114 |   215 |   306 ||   709
Block: Other             |       |       |       |       |    91 ||    91
       Reflection        |       |       |       |       |     1 ||     1
       Rpst.: Long sword |       |       |    17 |    42 |       ||    59
